 Dungeon Crawl Stone Soup version 0.17.0-56-gd8de76c (webtiles) character file.

11176 lorenzova the Devastator (level 11, 0/54 HPs)
             Began as a Deep Elf Conjurer on Dec 5, 2015.
             Was an Elder of Vehumet.
             Splashed by a brown ugly thing's acid (9 damage)
             ... on level 11 of the Dungeon.
             The game lasted 00:56:07 (16133 turns).

lorenzova the Devastator (Deep Elf Conjurer)       Turns: 16133, Time: 00:56:07

Health: 0/54       AC:  4    Str:  5    XL:     11   Next: 45%
Magic:  17/30      EV: 13    Int: 24    God:    Vehumet [****..]
Gold:   545        SH:  0    Dex: 15    Spells: 9 memorised, 5 levels left

rFire  + + .     SeeInvis +     n - +3 dagger (speed)
rCold  . . .     Clarity  .     o - +1 robe {rC+ rF+}
rNeg   + . .     SustAt   .     (no shield)
rPois  .         Gourm    .     X - +1 hat
rElec  .         Spirit   .     S - +0 cloak "Siyk Boynt" {+Blink rC- SInv}
rCorr  .         Warding  +     s - +1 pair of gloves
rMut   .         Stasis   .     r - +0 pair of boots
MR     +....                    M - amulet of warding
Stlth  +++.......               C - ring of protection from fire
                                e - ring of stealth

@: corroded equipment, somewhat resistant to hostile enchantments, fairly
stealthy
A: no striking features
a: Renounce Religion, Evoke Blink


You were on level 11 of the Dungeon.
You worshipped Vehumet.
Vehumet was greatly pleased with you.
You were hungry.

You visited 2 branches of the dungeon, and saw 12 of its levels.
You also visited: Sewer.

You collected 745 gold pieces.
You spent 200 gold pieces at shops.

Inventory:

Hand Weapons
 n - a +3 dagger of speed (weapon)
Armour
 o - a +1 robe of resistance (worn)
 r - a +0 pair of boots (worn)
 s - a +1 pair of gloves (worn)
 S - the +0 cloak "Siyk Boynt" (worn) {+Blink rC- SInv}
   (You found it on level 8 of the Dungeon)

   It makes you vulnerable to cold.
   It lets you see invisible.
   It lets you blink.
 X - a +1 hat (worn)
 Y - a +1 robe of positive energy
Jewellery
 e - a ring of stealth (left hand)
 l - an uncursed ring of fire
 C - a ring of protection from fire (right hand)
 I - an uncursed ring of see invisible
 M - an amulet of warding (around neck)
Wands
 k - a wand of fire (4)
 p - a wand of polymorph (4)
 G - a wand of lightning (3)
 N - a wand of draining (10)
 P - a wand of fire (7)
 R - a wand of heal wounds (5)
Scrolls
 h - 3 scrolls of fear {unknown}
 j - 2 scrolls of magic mapping {unknown}
 m - 8 scrolls of remove curse
 u - 4 scrolls of enchant weapon
 v - a scroll of immolation {unknown}
 x - 5 scrolls of teleportation
 y - 3 scrolls of enchant armour
 z - a scroll of holy word {unknown}
 D - a scroll of fog {unknown}
 E - 2 scrolls of blinking
 H - a scroll of identify
 J - a scroll of noise {unknown}
 K - a scroll of recharging {unknown}
 O - a scroll of amnesia {unknown}
Potions
 f - 2 potions of heal wounds
 i - 2 potions of ambrosia
 q - 3 potions of agility
 t - 4 potions of brilliance
 w - 2 potions of invisibility
 A - 2 potions of cure mutation
 B - 2 potions of cancellation
 F - a potion of lignification
 L - 2 potions of resistance
 Q - a potion of haste
 W - a potion of berserk rage
 Z - a potion of flight
Books
 a - a Necronomicon

   Spells                             Type                      Level
   a - Haunt                          Necromancy/Summoning         7
   b - Borgnjor's Revivification      Necromancy                   8
   c - Death's Door                   Charms/Necromancy            8
   d - Necromutation                  Transmutation/Necromancy     8
 b - a book of Conjurations

   Spells                             Type                      Level
   a - Magic Dart                     Conjuration                  1
   b - Searing Ray                    Conjuration                  2
   c - Dazzling Spray                 Conjuration/Hexes            3
   d - Fulminant Prism                Conjuration/Hexes            4
   e - Iskenderun's Mystic Blast      Conjuration                  4
   f - Iskenderun's Battlesphere      Conjuration/Charms           5
 U - a book of Power

   Spells                             Type                      Level
   a - Fulminant Prism                Conjuration/Hexes            4
   b - Iskenderun's Mystic Blast      Conjuration                  4
   c - Venom Bolt                     Conjuration/Poison           5
   d - Bolt of Magma                  Conjuration/Fire/Earth       5
   e - Iron Shot                      Conjuration/Earth            6
   f - Orb of Destruction             Conjuration                  7
   g - Spellforged Servitor           Conjuration/Summoning        7
 V - a book of Clouds

   Spells                             Type                      Level
   a - Mephitic Cloud                 Conjuration/Poison/Air       3
   b - Conjure Flame                  Conjuration/Fire             3
   c - Poisonous Cloud                Conjuration/Poison/Air       6
   d - Freezing Cloud                 Conjuration/Ice/Air          6
   e - Ring of Flames                 Charms/Fire                  7
Miscellaneous
 T - a crystal ball of energy
Comestibles
 c - 17 bread rations
 d - 8 beef jerkies
 g - 4 meat rations


   Skills:
 - Level 2.4 Dodging
 - Level 2.4 Stealth
 + Level 13.3 Spellcasting
 * Level 16.0 Conjurations


You had 5 spell levels left.
You knew the following spells:

 Your Spells              Type           Power        Failure   Level  Hunger
a - Magic Dart            Conj           ####         0%          1    None
b - Iskenderun's Battles  Conj/Chrm      ######..     1%          5    ###....
c - Conjure Flame         Conj/Fire      ######..     1%          3    None
d - Dazzling Spray        Conj/Hex       ######..     1%          3    None
m - Mephitic Cloud        Conj/Pois/Air  #####...     1%          3    None
o - Orb of Destruction    Conj           #######...   1%          7    ######.
s - Sticky Flame          Conj/Fire      ######..     1%          4    None
x - Iskenderun's Mystic   Conj           #######.     1%          4    None
z - Shock                 Conj/Air       ####         1%          1    None


Dungeon Overview and Level Annotations

Branches:
Dungeon (11/15)            Temple (1/1) D:4            Lair (0/8) D:11
    Orc: D:9-12

Altars:
Ashenzari
Cheibriados
Dithmenos
Elyvilon
Fedhas
Gozag
Kikubaaqudgha
Makhleb
Nemelex Xobeh
Okawaru
Qazlal
Ru
Sif Muna
Trog
Vehumet
Xom
Yredelemnul
Zin
The Shining One

Shops:
D:5 ?   D:10 [


Message History

Casting: Magic Dart
Confirm with . or Enter, or press ? or * to list all spells.
Aiming: Sticky Flame
Press: ? - help, Shift-Dir - straight line, f/p - brown ugly thing
Aim: a brown ugly thing (heavily wounded)
The sticky flame hits the brown ugly thing.
The brown ugly thing is severely wounded.
The brown ugly thing is covered in liquid flames!
The brown ugly thing burns!
Your battlesphere fires!
The barrage of energy hits the brown ugly thing.
The brown ugly thing is almost dead.
The brown ugly thing tail-slaps you!
You are splashed with acid!
The acid burns!
The brown ugly thing burns!
The brown ugly thing tail-slaps you.
You are splashed with acid!
The acid corrodes you!
The acid burns!
The brown ugly thing burns!
The brown ugly thing tail-slaps you!
* * * LOW HITPOINT WARNING * * *
You are splashed with acid!
The acid burns!
You die... .#.###.#.#.####.....##...#PPPPP.. .#.....#(#.# #......#####PPP...P (#)#####(#.####......## #PP..P.. .(...((#(#............# #P...P.. ##'###.#(#######O####.# #P.>.PPP ....##......## #.# #.# #P...P.P ....##..(....# #.####'## #PPPPPP. ....##..(....###.u.....# ##PPPPP#

≈...##..(...(...@......#
######
.......................###
..........(.###*.........#
##.#........###..........#
##.#........##...........#
##.#....######........[..#
.#.###...............#...#
.#)# #.#######...###.#...#
...###'##### #...# #.#...#


You could see a brown ugly thing (burning) and an ogre.

Vanquished Creatures
  The ghost of kosy22 the Ducker, a novice TrFi of Qazlal (D:7)
  A hill giant (D:10)
  Pikel (D:6)
  2 ugly things
  Psyche (D:10)
  A centaur skeleton (D:10)
  A komodo dragon (D:11)
  2 two-headed ogres
  Grinder (D:6)
  A wraith (D:11)
  7 yaks
  Menkaure (D:6)
  A slave (D:6)
  A water moccasin (D:6)
  A black bear (D:7)
  3 orc warriors
  5 ice beasts
  A sky beast (D:11)
  4 ogres
  4 phantoms
  7 centaurs
  A crocodile (D:9)
  A big kobold (D:11)
  13 giant frogs
  A water moccasin zombie (D:9)
  5 scorpions
  A water moccasin skeleton (D:11)
  19 killer bees
  A giant frog zombie (D:6)
  4 wights
  2 quasits (D:9)
  2 crimson imps
  4 hounds
  A centaur zombie (D:11)
  7 orc priests
  3 giant frog skeletons (D:11)
  A jelly (D:11)
  6 orc wizards
  10 worker ants
  A hound zombie (D:8)
  A worker ant zombie (D:5)
  A hound skeleton (D:4)
  28 adders
  15 gnolls
  3 shadow imps
  13 oozes
  3 adder skeletons
  2 worms
  33 orcs
  6 bats
  10 giant cockroaches
  2 gnoll zombies (D:6)
  10 hobgoblins
  2 quokkas
  11 ball pythons
  19 giant geckos
  A giant gecko zombie (D:5)
  11 giant newts
  9 goblins
  19 kobolds
  8 rats
337 creatures vanquished.

Vanquished Creatures (others)
  A slave (D:6)
  4 plants (D:11)
5 creatures vanquished.

Grand Total: 342 creatures vanquished

Notes
Turn   | Place    | Note
--------------------------------------------------------------
     0 | D:1      | lorenzova the Deep Elf Conjurer began the quest for the Orb.
     0 | D:1      | Reached XP level 1. HP: 10/10 MP: 6/6
   231 | D:1      | Reached XP level 2. HP: 15/15 MP: 5/8
   501 | D:1      | Reached skill level 5 in Conjurations
   966 | D:2      | Reached XP level 3. HP: 19/19 MP: 3/10
  1053 | D:2      | Learned a level 3 spell: Dazzling Spray
  1450 | D:2      | Reached XP level 4. HP: 24/24 MP: 9/11
  1456 | D:2      | Learned a level 4 spell: Iskenderun's Mystic Blast
  1810 | D:2      | Found a deep blue altar of Sif Muna.
  1978 | D:2      | Reached skill level 6 in Conjurations
  2191 | D:3      | Found a sacrificial altar of Ru.
  2374 | D:3      | Reached XP level 5. HP: 28/28 MP: 7/13
  2985 | D:4      | Noticed a phantom
  3135 | D:4      | Found a glowing drain.
  3219 | Sewer    | Entered a sewer
  3220 | Sewer    | Reached skill level 7 in Conjurations
  3328 | Sewer    | Reached skill level 5 in Spellcasting
  3521 | Sewer    | Reached XP level 6. HP: 32/32 MP: 5/15
  4078 | Sewer    | Reached skill level 8 in Conjurations
  4400 | D:4      | Reached XP level 7. HP: 20/36 MP: 6/18
  4584 | D:4      | Killed a phantom
  4739 | D:4      | Found a staircase to the Ecumenical Temple.
  4748 | Temple   | Entered the Ecumenical Temple
  4753 | Temple   | Became a worshipper of Vehumet
  4982 | D:5      | Entered Level 5 of the Dungeon
  4989 | D:5      | Found Xeam's Magic Scroll Boutique.
  4993 | D:5      | Bought a scroll of teleportation for 30 gold pieces
  4993 | D:5      | Bought a scroll of enchant weapon for 75 gold pieces
  4993 | D:5      | Bought a scroll of blinking for 75 gold pieces
  5349 | D:5      | Reached skill level 9 in Conjurations
  5972 | D:6      | Reached XP level 8. HP: 25/41 MP: 1/20
  6249 | D:6      | Noticed Grinder
  6254 | D:6      | Killed Grinder
  6254 | D:6      | Reached skill level 10 in Conjurations
  6713 | D:5      | Found an opulent altar of Gozag.
  6714 | D:5      | Found a burning altar of Makhleb.
  6715 | D:5      | Found a glowing golden altar of the Shining One.
  6717 | D:5      | Found an iron altar of Okawaru.
  7104 | D:6      | Noticed Pikel
  7143 | D:6      | Killed Pikel
  7143 | D:6      | Reached skill level 11 in Conjurations
  7358 | D:6      | Noticed Menkaure
  7361 | D:6      | Killed Menkaure
  7361 | D:6      | Reached XP level 9. HP: 42/45 MP: 16/24
  7477 | D:6      | Reached * piety under Vehumet
  7477 | D:6      | Offered knowledge of Shock by Vehumet.
  7623 | D:6      | Found a basalt altar of Yredelemnul.
  8271 | D:7      | Found a white marble altar of Elyvilon.
  8474 | D:7      | Reached skill level 12 in Conjurations
  8515 | D:7      | Noticed kosy22's ghost (novice TrFi)
  8880 | D:7      | Found a bloodstained altar of Trog.
  8928 | D:7      | Found a glowing silver altar of Zin.
  9411 | D:7      | Reached skill level 10 in Spellcasting
  9441 | D:7      | Learned a level 5 spell: Iskenderun's Battlesphere
  9766 | D:7      | Learned a level 1 spell: Shock
 10176 | D:8      | Got a crude cloak
 10182 | D:8      | Identified the +0 cloak "Siyk Boynt" {+Blink rC- SInv} (You found it on level 8 of the Dungeon)
 10396 | D:7      | Killed kosy22's ghost
 10396 | D:7      | Reached skill level 13 in Conjurations
 10396 | D:7      | Reached XP level 10. HP: 50/50 MP: 4/26
 10733 | D:9      | Found a shimmering altar of Xom.
 11518 | D:9      | Offered knowledge of Freeze by Vehumet.
 11672 | D:9      | Reached ** piety under Vehumet
 12237 | D:10     | Entered Level 10 of the Dungeon
 12334 | D:10     | Found Fiyses's Antique Armour Boutique.
 12458 | D:10     | Bought a runed robe for 20 gold pieces
 12479 | D:10     | Noticed a green ugly thing
 12483 | D:10     | Killed a green ugly thing
 12483 | D:10     | Reached skill level 14 in Conjurations
 12534 | D:10     | Noticed Psyche
 12538 | D:10     | Killed Psyche
 13322 | D:10     | Noticed a hill giant
 14082 | D:11     | Offered knowledge of Throw Frost by Vehumet.
 14132 | D:11     | Reached *** piety under Vehumet
 14180 | D:11     | Noticed a purple ugly thing
 14263 | D:10     | Killed a hill giant
 14263 | D:10     | Reached skill level 15 in Conjurations
 14263 | D:10     | Reached XP level 11. HP: 17/54 MP: 8/29
 14474 | D:10     | Learned a level 7 spell: Orb of Destruction
 14478 | D:10     | Learned a level 3 spell: Mephitic Cloud
 14482 | D:10     | Learned a level 3 spell: Conjure Flame
 14514 | D:11     | Killed a purple ugly thing
 14694 | D:11     | Offered knowledge of Sticky Flame by Vehumet.
 14967 | D:11     | Learned a level 4 spell: Sticky Flame
 15825 | D:11     | Reached **** piety under Vehumet
 15905 | D:11     | Reached skill level 16 in Conjurations
 15970 | D:11     | Found a staircase to the Lair.
 16133 | D:11     | Splashed by a brown ugly thing's acid

Action                   |  1- 3 |  4- 6 |  7- 9 | 10-12 || total
-------------------------+-------+-------+-------+-------++-------
Melee: Dagger            |     2 |    11 |    93 |    90 ||   196
 Cast: Magic Dart        |    67 |   210 |   245 |   218 ||   740
       Dazzling Spray    |       |     5 |    45 |    15 ||    65
       Iskenderun's Myst |       |       |    28 |    16 ||    44
       Iskenderun's Batt |       |       |     7 |    32 ||    39
       Shock             |       |       |     1 |    20 ||    21
       Sticky Flame      |       |       |       |    16 ||    16
       Orb of Destructio |       |       |       |     1 ||     1
  Use: Scroll            |       |     6 |     5 |     7 ||    18
       Potion            |       |     1 |     1 |       ||     2
 Stab: Sleeping          |       |     1 |       |     7 ||     8
       Invisible         |       |       |     6 |     1 ||     7
  Eat: Chunk             |       |    10 |    12 |    20 ||    42
       Pizza             |       |       |     2 |       ||     2
       Fruit             |       |       |     1 |     2 ||     3
       Meat ration       |       |       |     1 |       ||     1
